[Event "Titled Tuesday Blitz August 17 2021"]
[White "Dang, Hoang Son"]
[Black "Gupta, Abhijeet"]
[WhiteFideId "12402435"]
[BlackFideId "5010608"]
[WhiteElo "2248"]
[BlackElo "2549"]
[Result "0-1"]
[Round "04"]
[TimeControl "180+1"]
[Date "2021.08.17"]
[WhiteClock "0:00:28"]
[BlackClock "0:00:45"]

1. e4 e6 2. d4 d5 3. Nd2 c5 4. exd5 Qxd5 5. Ngf3 cxd4 6. Bc4 Qd8 7. Nb3 Nc6 8. Nbxd4 Nxd4 9. Qxd4 Qxd4 10. Nxd4 a6 11. a4 Nf6 12. Be3 Bd7 13. a5 Rc8 14. Bb3 Ng4 15. Bd2 Bc5 16. c3 e5 17. f3 exd4 18. fxg4 O-O 19. h3 Rfe8+ 20. Kd1 Bc6 21. Rf1 Re7 22. Rf5 Bxg2 23. cxd4 Bxd4 24. Ra4 Rd8 25. Kc1 Be4 26. Rf4 g5 27. Rxf7 Rxf7 28. Bxg5 Rd7 29. Bh6 Bd5 30. Bxd5 Rxd5 31. Rc4 Rc5 0-1


[Site "https://www.chess.com"]

[Event "Titled Tuesday Blitz August 17 2021"]
[White "Dev, Shah"]
[Black "Richter, Nils"]
[WhiteFideId "35019058"]
[BlackFideId "12990809"]
[WhiteElo "2098"]
[BlackElo "2289"]
[Result "1-0"]
[Round "04"]
[TimeControl "180+1"]
[Date "2021.08.17"]
[WhiteClock "0:00:07"]
[BlackClock "0:00:15"]

1. d4 Nf6 2. c4 g6 3. Nf3 Bg7 4. g3 O-O 5. Bg2 d6 6. O-O Nc6 7. Nc3 a6 8. Bf4 h6 9. Rc1 Rb8 10. Qd3 Bd7 11. e4 Bg4 12. d5 Bxf3 13. Bxf3 Ne5 14. Bxe5 dxe5 15. b4 b6 16. c5 bxc5 17. bxc5 Nd7 18. Na4 Rb5 19. c6 Nb6 20. Nc3 Rc5 21. Qxa6 Qa8 22. Qe2 Qa5 23. Nb1 Ra8 24. a3 h5 25. Rxc5 Qxc5 26. Qb2 Bh6 27. Be2 f6 28. Qb3 Kg7 29. Qb5 Qd4 30. Qd3 Na4 31. Rd1 Qxd3 32. Rxd3 Bc1 33. Rb3 Nc5 34. Rb4 Bxa3 35. Nxa3 Rxa3 36. Kg2 Kf7 37. Bf3 Ra2 38. Rb8 Nd3 39. Kg1 Rxf2 40. Bg2 Ra2 41. Rb7 h4 42. Rxc7 Ne1 43. Bh1 h3 44. d6 Ra1 45. Rxe7+ Kf8 46. Kf2 Nd3+ 47. Ke3 Rxh1 48. c7 Rxh2 49. c8=Q# 1-0


[Site "https://www.chess.com"]

[Event "Titled Tuesday Blitz August 17 2021"]
[White "Diakonova, Ekaterina"]
[Black "Molina, Roberto Junio Brito"]
[WhiteFideId "24172936"]
[BlackFideId "2109450"]
[WhiteElo "2102"]
[BlackElo "2402"]
[Result "0-1"]
[Round "04"]
[TimeControl "180+1"]
[Date "2021.08.18"]
[WhiteClock "0:00:02"]
[BlackClock "0:00:14"]

1. Nf3 d5 2. g3 c6 3. Bg2 Bg4 4. b3 Nd7 5. Bb2 e6 6. d4 Ngf6 7. h3 Bh5 8. Ne5 Nxe5 9. dxe5 Nd7 10. O-O Bc5 11. Kh2 O-O 12. g4 Bg6 13. f4 f5 14. g5 h6 15. h4 hxg5 16. hxg5 Kf7 17. Kg3 Rh8 18. Rh1 Qb6 19. Bf3 Bf2+ 20. Kg2 Be3 21. Kg3 Rxh1 22. Bxh1 Bf2+ 23. Kg2 Qe3 24. Qd3 Qxf4 25. Qf3 Qxf3+ 26. exf3 Be3 27. Kg3 Rh8 28. Na3 Bxg5 29. f4 Bh4+ 30. Kg2 Bh5 31. c4 g5 32. cxd5 cxd5 33. Nb5 gxf4 34. Nd6+ Ke7 35. Nxb7 Rg8+ 36. Kf1 f3 37. Ba3+ Kf7 38. Nd6+ Kg6 39. Rc1 Nxe5 0-1


[Site "https://www.chess.com"]

[Event "Titled Tuesday Blitz August 17 2021"]
[White "Espinosa Veloz, Ermes"]
[Black "Moroni, Luca Jr"]
[WhiteFideId "3507424"]
[BlackFideId "865834"]
[WhiteElo "2333"]
[BlackElo "2491"]
[Result "0-1"]
[Round "04"]
[TimeControl "180+1"]
[Date "2021.08.17"]
[WhiteClock "0:00:01"]
[BlackClock "0:00:04"]

1. e4 g6 2. d4 Bg7 3. Nc3 d6 4. Be3 Nf6 5. Qd2 O-O 6. f3 e5 7. d5 a6 8. g4 b5 9. h4 h5 10. Bg5 Qe8 11. Bxf6 Bxf6 12. gxh5 gxh5 13. O-O-O Bg7 14. Nh3 f6 15. Rg1 Kh7 16. Rg3 Bh6 17. Ng5+ fxg5 18. hxg5 Qg6 19. Bd3 h4 20. Rgg1 Nd7 21. gxh6 Qxh6 22. Rh1 Qxd2+ 23. Rxd2 Nf6 24. Rxh4+ Kg7 25. Rg2+ Kf7 26. f4 exf4 27. Rxf4 Bd7 28. e5 dxe5 29. Rff2 Ke8 30. Rg5 Ng4 31. Rxf8+ Kxf8 32. Be2 Nf6 33. Rxe5 Kf7 34. Kd2 Rh8 35. Ke3 Rh3+ 36. Kd2 Rh2 37. Nd1 Bg4 38. Kd3 Bxe2+ 39. Rxe2 Rxe2 40. Kxe2 Nxd5 41. Ne3 Nf4+ 42. Kf3 Ne6 43. Ke4 Ke7 44. Kd5 Kd7 45. Nf5 c6+ 46. Ke5 Nc5 47. b4 Na4 48. Ne3 Nc3 49. a3 Nb1 50. Kd4 Kd6 51. Nf5+ Kc7 52. Ne3 Nxa3 53. Kc3 Nb1+ 54. Kb2 Nd2 55. Kc3 Ne4+ 56. Kd4 Nd6 57. Kc5 Nb7+ 58. Kd4 Kb6 59. Nf5 Kc7 60. Ne3 Kd6 61. Nf5+ Kd7 62. Ne3 Nd6 63. Nf5 Nxf5+ 64. Kc5 Kc7 65. c4 bxc4 0-1


[Site "https://www.chess.com"]

[Event "Titled Tuesday Blitz August 17 2021"]
[White "Eternauta2400"]
[Black "Pichot, Alan"]
[BlackFideId "110973"]
[WhiteElo "2545"]
[BlackElo "2622"]
[Result "1-0"]
[Round "04"]
[TimeControl "180+1"]
[Date "2021.08.17"]
[WhiteClock "0:00:47"]
[BlackClock "0:00:02"]

1. e4 c5 2. c3 Nf6 3. e5 Nd5 4. Nf3 Nc6 5. d4 cxd4 6. Bc4 Nb6 7. Bb3 d5 8. exd6 Qxd6 9. Na3 Be6 10. Nb5 Qd7 11. Bxe6 Qxe6+ 12. Be3 Qd7 13. Nbxd4 e6 14. O-O Be7 15. Qe2 O-O 16. Rfd1 Qc7 17. Nb5 Qb8 18. a4 Nd5 19. Bg5 Bc5 20. Bh4 Qf4 21. Bg3 Qg4 22. b4 Be7 23. h3 Qg6 24. Rac1 Rfd8 25. Nc7 Nxc7 26. Bxc7 Rxd1+ 27. Rxd1 Rc8 28. Bg3 Rd8 29. Rxd8+ Nxd8 30. Kh2 Qf5 31. Qc4 Qd5 32. Qc8 Qc6 33. Qb8 a6 34. Bc7 h6 35. Ne5 Qd5 36. Bxd8 Bxd8 37. c4 Qd4 38. Nf3 Qd7 39. Ne5 Qc7 40. Qxc7 Bxc7 41. f4 f6 42. Nd3 g5 43. g3 Kf7 44. Kg2 Ke7 45. Kf3 b6 46. h4 gxh4 47. gxh4 f5 48. c5 1-0


[Site "https://www.chess.com"]

[Event "Titled Tuesday Blitz August 17 2021"]
[White "Eynullayev, Atilla"]
[Black "Preotu, Razvan"]
[WhiteFideId "13413570"]
[BlackFideId "2613280"]
[WhiteElo "1997"]
[BlackElo "2407"]
[Result "0-1"]
[Round "04"]
[TimeControl "180+1"]
[Date "2021.08.17"]
[WhiteClock "0:00:06"]
[BlackClock "0:00:40"]

1. e4 c5 2. Nf3 d6 3. d4 cxd4 4. Nxd4 Nf6 5. Nc3 a6 6. Be2 e5 7. Nb3 Be7 8. Be3 Be6 9. Nd5 Nbd7 10. Qd3 Bxd5 11. exd5 Rc8 12. c4 O-O 13. O-O Ne8 14. Rac1 b6 15. f4 g6 16. Kh1 f5 17. Qd2 Bf6 18. c5 Nxc5 19. Nxc5 bxc5 20. Bxa6 Rb8 21. b3 Rf7 22. fxe5 Bxe5 23. Bc4 Nf6 24. Bf4 Ne4 25. Qe3 Bd4 26. Qf3 Qa5 27. Rc2 Re8 28. h4 Be5 29. Bxe5 Rxe5 30. g3 Nd2 31. Qf4 Nxf1 32. Bxf1 Qe1 33. Rf2 Re4 34. Qf3 Re3 35. Qf4 Rfe7 36. h5 R7e4 37. Qxd6 Qxf2 0-1


[Site "https://www.chess.com"]

[Event "Titled Tuesday Blitz August 17 2021"]
[White "Ezat, Mohamed"]
[Black "Mogirzan, Matei-Valeriu"]
[WhiteFideId "10600906"]
[BlackFideId "1257455"]
[WhiteElo "2414"]
[BlackElo "1733"]
[Result "0-1"]
[Round "04"]
[TimeControl "180+1"]
[Date "2021.08.18"]
[WhiteClock "0:00:04"]
[BlackClock "0:00:02"]

1. d4 c5 2. d5 Nf6 3. c4 d6 4. Nc3 g6 5. e4 Bg7 6. Be2 O-O 7. Bg5 Qa5 8. Qd2 a6 9. a4 Bd7 10. Ra3 e6 11. Nf3 Re8 12. O-O e5 13. Ne1 Bc8 14. f4 exf4 15. Bxf4 Qc7 16. Nd3 Nxe4 17. Nxe4 Rxe4 18. b3 Nd7 19. Bf3 Re8 20. Kh1 Ne5 21. Be2 Bf5 22. Nxe5 Bxe5 23. Bh6 Qe7 24. Bg5 f6 25. Bh6 Bd4 26. Bf3 Be3 27. Bxe3 Qxe3 28. Qa5 Bd3 29. Rg1 Be4 30. Bxe4 Rxe4 31. Qc7 Rae8 32. Qxd6 Rf4 33. Raa1 Qf2 34. h3 Re5 35. Qd8+ Kg7 0-1


[Site "https://www.chess.com"]

[Event "Titled Tuesday Blitz August 17 2021"]
[White "FGHSMN"]
[Black "Kollars, Dmitrij"]
[BlackFideId "12909572"]
[WhiteElo "2587"]
[BlackElo "2576"]
[Result "0-1"]
[Round "04"]
[TimeControl "180+1"]
[Date "2021.08.17"]
[WhiteClock "0:00:03"]
[BlackClock "0:00:14"]

1. e4 c6 2. d4 d5 3. Nc3 dxe4 4. Nxe4 Nf6 5. Nxf6+ exf6 6. c3 Bd6 7. Bd3 O-O 8. Qc2 Re8+ 9. Ne2 h5 10. O-O h4 11. Bf4 Bg4 12. f3 Be6 13. Bxd6 Qxd6 14. Qd2 Nd7 15. Qf4 Qxf4 16. Nxf4 Nb6 17. Rfe1 Rad8 18. Re2 Kf8 19. Kf2 a5 20. b3 a4 21. Rb1 axb3 22. axb3 g5 23. Nxe6+ fxe6 24. Rbe1 Nd5 25. g3 Nxc3 26. Rxe6 Rxe6 27. Rxe6 hxg3+ 28. hxg3 Kf7 29. Bc4 Nd5 30. Re1 Kg6 31. Ra1 Ne7 32. Ra7 Rb8 33. Bd3+ f5 34. Ke3 Kf6 35. Kd2 Nc8 36. Ra5 Nd6 37. d5 b6 38. Ra7 cxd5 39. Rd7 Ke5 40. Rg7 g4 41. fxg4 Ne4+ 42. Ke3 d4+ 43. Kf3 fxg4+ 44. Rxg4 Nd2+ 45. Ke2 Nxb3 46. Rg5+ Kf6 47. Rb5 Nc5 48. Bc4 Ke5 49. Kd2 Kd6 50. Rb1 Kc6 51. g4 Rh8 52. Rg1 Rh2+ 53. Kc1 b5 54. Bg8 d3 55. g5 Ne4 56. g6 Nc3 57. Rd1 Rc2# 0-1


[Site "https://www.chess.com"]

[Event "Titled Tuesday Blitz August 17 2021"]
[White "Fernandez Hernandez, Arturo A."]
[Black "Mirzoev, Azer"]
[WhiteFideId "3509230"]
[BlackFideId "13400304"]
[WhiteElo "2400"]
[BlackElo "2525"]
[Result "0-1"]
[Round "04"]
[TimeControl "180+1"]
[Date "2021.08.17"]
[WhiteClock "0:00:05"]
[BlackClock "0:00:11"]

1. e4 c6 2. Nc3 d5 3. Nf3 Nf6 4. Qe2 d4 5. e5 dxc3 6. exf6 cxb2 7. Bxb2 gxf6 8. Bxf6 Rg8 9. g3 Bg4 10. Bg2 Rg6 11. Be5 Nd7 12. Bf4 Re6 13. Be3 Ne5 14. h3 Bh5 15. O-O Nxf3+ 16. Bxf3 Bxf3 17. Qxf3 Qd5 18. Qxd5 cxd5 19. Rab1 b6 20. Rb5 Rd6 21. Bf4 Rd7 22. Re1 f6 23. c3 Kf7 24. g4 Rc8 25. Kf1 Rc4 26. Be3 Ra4 27. Rb2 e5 28. Ke2 h5 29. f3 hxg4 30. hxg4 d4 31. cxd4 exd4 32. Bf2 Ba3 33. Rb3 Bc5 34. a3 Rxa3 35. Rxa3 Bxa3 36. Kd3 Bc5 37. Kc4 a5 38. d3 a4 39. Rh1 Ke6 40. f4 a3 41. f5+ Kd6 42. Kb3 Kc6 43. Rh6 Kb5 44. Rxf6 Rh7 45. Rg6 Rh3 46. Rg8 Rxd3+ 47. Ka2 Rd2+ 48. Ka1 Rxf2 49. Rd8 Bb4 0-1


[Site "https://www.chess.com"]

[Event "Titled Tuesday Blitz August 17 2021"]
[White "Firat, Burak"]
[Black "Babiy, Olga"]
[WhiteFideId "6305881"]
[BlackFideId "14117258"]
[WhiteElo "2531"]
[BlackElo "2253"]
[Result "1/2-1/2"]
[Round "04"]
[TimeControl "180+1"]
[Date "2021.08.17"]
[WhiteClock "0:00:17"]
[BlackClock "0:00:16"]

1. d4 d5 2. c4 dxc4 3. Nf3 Nf6 4. Qa4+ Qd7 5. Qxc4 Qc6 6. e3 e6 7. Nc3 Qxc4 8. Bxc4 a6 9. Be2 c5 10. O-O Nc6 11. Na4 cxd4 12. Nb6 Rb8 13. Nxd4 Nb4 14. Bd2 Nbd5 15. Nxc8 Rxc8 16. Rfc1 Rxc1+ 17. Rxc1 Kd7 18. f3 Bd6 19. e4 Nf4 20. Bf1 Rc8 21. Rxc8 Kxc8 22. Nb3 Ng6 23. Kf2 h6 24. g3 Ne5 25. h3 g5 26. Bc3 Nfd7 27. Bd4 f6 28. Be2 Nc6 29. Be3 Be5 30. Bc1 Nd4 31. f4 Nxb3 32. axb3 Bd4+ 33. Kf3 Nc5 34. b4 Nb3 35. Be3 Bxb2 36. Bc4 Nd4+ 37. Kg4 f5+ 38. Kh5 gxf4 39. gxf4 fxe4 40. Bxd4 Bxd4 41. Bxe6+ Kd8 42. Kxh6 Bc3 43. Kg6 e3 44. Bc4 b5 45. Be2 Ke7 46. f5 Bb2 47. h4 Bc3 48. h5 Bxb4 49. h6 Bc3 50. h7 Bf6 51. Kh5 Be5 52. Kg4 Bf6 53. Kf3 Bd4 54. Ke4 Bf6 55. Kxe3 Kd6 56. Ke4 Ke7 57. Kf4 Kd6 58. Kg4 Ke5 59. Bd3 Kd6 60. Kh5 Ke7 61. Kg6 Be5 62. Kh5 Bf6 63. Kg4 Be5 64. Kf3 Bf6 65. Ke4 Kd6 66. Be2 Bg7 67. Kf4 Bf6 68. Kf3 Ke7 69. Kg4 Kd6 70. Kf4 Bg7 71. Bf1 Bf6 72. Ke4 Ke7 73. Kd5 b4 74. Bxa6 b3 75. Bd3 b2 76. Ke4 Bg7 77. Bb1 Bf6 78. Kf3 Bg7 79. Kg4 Kf6 80. Kh5 Kf7 81. Kg5 Bf6+ 82. Kh6 Bh8 83. Kg5 Bf6+ 84. Kf4 Bh8 85. Ke4 Ke7 86. Kd5 Bf6 87. Kc6 Bh8 88. Kc7 Bf6 89. Kc6 Bh8 90. Kd5 Bf6 91. Ke4 Bh8 92. Kd3 Bf6 93. Ke3 Bh8 94. Ke2 Bf6 95. Kf3 Bh8 96. Kg4 Bf6 97. Kh5 Kf7 98. Kh6 Bg7+ 99. Kh5 Bf6 100. Kh6 1/2-1/2


[Site "https://www.chess.com"]

[Event "Titled Tuesday Blitz August 17 2021"]
[White "Gallegos Diaz, Carlos Alberto"]
[Black "Bashirli, Saadat"]
[WhiteFideId "3900886"]
[BlackFideId "13429990"]
[WhiteElo "2362"]
[BlackElo "1153"]
[Result "0-1"]
[Round "04"]
[TimeControl "180+1"]
[Date "2021.08.18"]
[WhiteClock "0:00:17"]
[BlackClock "0:00:02"]

1. e4 c5 2. f4 g6 3. Nf3 Bg7 4. Bc4 e6 5. Nc3 Ne7 6. d4 cxd4 7. Nxd4 Nbc6 8. Ndb5 O-O 9. Nd6 a6 10. a4 Qc7 11. O-O Bd4+ 12. Kh1 Qxd6 13. e5 Bxe5 14. fxe5 Qxd1 15. Rxd1 Nxe5 16. Be2 d5 17. Bh6 Rd8 18. Bg5 N5c6 19. Bf6 Re8 20. Bf3 Nf5 21. a5 Bd7 22. Na4 Rac8 23. Nb6 Rc7 24. c4 Ne3 25. cxd5 exd5 26. Rd2 Be6 27. Rc1 Nc4 28. Nxd5 Bxd5 29. Rxd5 Nxb2 30. h4 Na4 31. h5 Rcc8 32. h6 b6 33. axb6 Nxb6 34. Rd6 Nb4 35. Rxc8 Rxc8 36. Rxb6 Nd3 37. Kh2 Nf4 0-1


[Site "https://www.chess.com"]

[Event "Titled Tuesday Blitz August 17 2021"]
[White "Garriga Cazorla, Pere"]
[Black "Wachinger, Guenther"]
[WhiteFideId "32011601"]
[BlackFideId "4604261"]
[WhiteElo "2430"]
[BlackElo "2212"]
[Result "1-0"]
[Round "04"]
[TimeControl "180+1"]
[Date "2021.08.17"]
[WhiteClock "0:01:54"]
[BlackClock "0:00:29"]

1. d4 d5 2. c4 e6 3. Nc3 c6 4. Nf3 dxc4 5. e3 b5 6. a4 Bb4 7. axb5 cxb5 8. Bd2 Bxc3 9. Bxc3 a5 10. b3 Bb7 11. bxc4 b4 12. Bb2 Nf6 13. Bd3 Nbd7 14. O-O O-O 15. Nd2 Qc7 16. f4 a4 17. Rb1 Qd6 18. Qe2 Rfd8 19. e4 Nc5 20. e5 Qc6 21. exf6 Nxd3 22. Ba1 b3 23. Qg4 g6 24. Rf3 Nc5 25. Qg5 Ne4 26. Nxe4 Qxe4 27. Qh6 Qxb1+ 28. Rf1 1-0


[Site "https://www.chess.com"]

[Event "Titled Tuesday Blitz August 17 2021"]
[White "Gerzhoy, Leonid"]
[Black "Fier, Alexandr"]
[WhiteFideId "2806126"]
[BlackFideId "2107139"]
[WhiteElo "2536"]
[BlackElo "2569"]
[Result "1-0"]
[Round "04"]
[TimeControl "180+1"]
[Date "2021.08.17"]
[WhiteClock "0:01:45"]
[BlackClock "0:01:56"]

1. d4 Nf6 2. Nf3 c5 3. c3 e6 4. e3 Nc6 5. Nbd2 d5 6. Bd3 Qc7 7. O-O cxd4 8. exd4 Bd6 9. Re1 O-O 10. Nf1 b6 11. Bg5 Nd7 12. Bh4 a5 13. Bg3 Ba6 14. Bxd6 Qxd6 15. Ng3 b5 16. Ng5 g6 17. Qg4 Rfe8 18. Qh4 Nf8 19. Qh6 e5 20. Nh5 1-0


[Site "https://www.chess.com"]

[Event "Titled Tuesday Blitz August 17 2021"]
[White "Goltsev, Dmitry"]
[Black "Rottenwohrer Suarez, Juan"]
[WhiteFideId "24176710"]
[BlackFideId "32068182"]
[WhiteElo "2369"]
[BlackElo "2158"]
[Result "0-1"]
[Round "04"]
[TimeControl "180+1"]
[Date "2021.08.17"]
[WhiteClock "0:00:54"]
[BlackClock "0:00:22"]

1. e4 c5 2. Nf3 g6 3. d4 cxd4 4. Nxd4 Nc6 5. Nxc6 bxc6 6. Qd4 Nf6 7. e5 Nd5 8. c4 Nc7 9. Nc3 Bg7 10. Bg5 Ne6 11. Qe3 Qc7 12. Bh6 Qxe5 13. Bxg7 Qxe3+ 14. fxe3 Nxg7 15. O-O-O O-O 16. g4 d6 17. Be2 f5 18. gxf5 Nxf5 19. e4 Ne3 20. Rde1 Be6 21. b3 Rf2 22. Rhg1 Rxh2 23. Rg3 Rh3 24. Rxh3 Bxh3 25. Bf3 Ng2 26. Bxg2 Bxg2 27. Re3 Rf8 28. Kd2 Rf2+ 29. Ke1 Rf3 30. Rxf3 Bxf3 31. Kf2 Bg4 32. b4 Kf7 33. b5 Bd7 34. a4 Ke8 35. a5 cxb5 36. cxb5 Kd8 37. b6 axb6 38. axb6 Bc6 39. Ke3 Kc8 40. Kf4 Kb7 41. Kg5 Kxb6 42. Kh6 Kc5 43. Kxh7 g5 44. Kg6 g4 45. Ne2 Bxe4+ 46. Kf7 e5 47. Ke6 Bf3 48. Ng3 e4 49. Nf5 d5 50. Ke5 Kc4 51. Ne3+ Kd3 52. Nxd5 e3 53. Nf4+ Kd2 54. Kf5 e2 55. Nxe2 Kxe2 56. Kf4 Kf2 57. Kg5 g3 58. Kh4 g2 59. Kg5 g1=Q+ 60. Kh4 Qg4# 0-1


[Site "https://www.chess.com"]

[Event "Titled Tuesday Blitz August 17 2021"]
[White "Grafil, Franz Robert"]
[Black "Makhnev, Denis"]
[WhiteFideId "5205298"]
[BlackFideId "13707647"]
[WhiteElo "2211"]
[BlackElo "2537"]
[Result "0-1"]
[Round "04"]
[TimeControl "180+1"]
[Date "2021.08.17"]
[WhiteClock "0:00:05"]
[BlackClock "0:00:24"]

1. d4 d5 2. c4 dxc4 3. Nf3 Nf6 4. e3 Nc6 5. Bxc4 e5 6. O-O exd4 7. Nxd4 Nxd4 8. exd4 Be7 9. Nc3 O-O 10. h3 a6 11. Be3 Bf5 12. Qf3 Qc8 13. Rac1 b5 14. Nd5 Bd8 15. Bb3 Qd7 16. Nxf6+ Bxf6 17. Rc5 Bg6 18. Rfc1 Bxd4 19. Rd5 Bxe3 20. Rxd7 Bxc1 21. Rxc7 Bxb2 22. Bxf7+ Kh8 23. Qb3 Be5 24. Re7 Bf6 25. Rd7 Bf5 26. Be6 Bg6 27. f4 a5 28. Qxb5 Be8 29. Qa4 Bxd7 30. Bxd7 Rab8 31. Qe4 Rb4 32. Qd5 Rxf4 33. Bg4 Rd4 34. Qb7 a4 35. Bf3 Rfd8 36. Kf2 Rd2+ 37. Ke3 Rxa2 38. Qb6 Bd4+ 0-1


[Site "https://www.chess.com"]

[Event "Titled Tuesday Blitz August 17 2021"]
[White "Hansch, Karsten"]
[Black "Fajdetic, Hrvoje"]
[WhiteFideId "24692239"]
[BlackFideId "14501945"]
[WhiteElo "2358"]
[BlackElo "2153"]
[Result "1/2-1/2"]
[Round "04"]
[TimeControl "180+1"]
[Date "2021.08.18"]
[WhiteClock "0:01:01"]
[BlackClock "0:00:05"]

1. e4 e6 2. d4 d5 3. exd5 exd5 4. Nf3 c6 5. Bd3 Bd6 6. O-O Ne7 7. Ng5 Bf5 8. Bxf5 Nxf5 9. Re1+ Kf8 10. Qf3 Qf6 11. c3 Nd7 12. Bf4 h6 13. Bxd6+ Nxd6 14. Qxf6 Nxf6 15. Nf3 Nfe4 16. Nbd2 Nxd2 17. Nxd2 Re8 18. Rxe8+ Kxe8 19. Re1+ Kd7 20. Nb3 b6 21. Nd2 Re8 22. Rxe8 Kxe8 23. Kf1 g5 24. Ke2 Ke7 25. f4 Ke6 26. Kf3 f5 27. g4 Ne4 28. gxf5+ Kxf5 29. Nxe4 dxe4+ 30. Ke2 gxf4 31. c4 a5 32. a4 Ke6 33. b3 Kd6 34. Kf2 Kc7 35. Ke2 Kb7 36. Kf2 Ka6 37. Ke2 b5 38. Kf2 bxc4 39. bxc4 Kb6 40. Ke2 Kc7 41. Kf2 Kd6 42. Ke2 Ke6 43. Kf2 Kf5 44. Ke2 Kg4 45. Kf2 e3+ 46. Ke2 h5 47. h4 Kg3 48. d5 cxd5 49. cxd5 Kg2 50. d6 f3+ 51. Kxe3 f2 52. d7 f1=Q 53. d8=Q Qe1+ 54. Kf4 Qb4+ 55. Kf5 Qg4+ 56. Ke5 Qxa4 57. Qg5+ Kh3 58. Ke6 Qg4+ 59. Kf7 a4 60. Qe3+ Kxh4 61. Qe7+ Kh3 62. Qa3+ Kh4 63. Qe7+ Kh3 64. Qa3+ Kh4 65. Qe7+ 1/2-1/2


[Site "https://www.chess.com"]

[Event "Titled Tuesday Blitz August 17 2021"]
[White "Hansch, Stephan"]
[Black "Nguyen, Hong Anh"]
[WhiteFideId "24692514"]
[BlackFideId "12406732"]
[WhiteElo "2053"]
[BlackElo "1974"]
[Result "1/2-1/2"]
[Round "04"]
[TimeControl "180+1"]
[Date "2021.08.18"]
[WhiteClock "0:00:18"]
[BlackClock "0:00:23"]

1. d4 Nf6 2. c4 g6 3. g3 Bg7 4. Bg2 d5 5. Nc3 dxc4 6. Nf3 O-O 7. O-O Na6 8. e4 c5 9. d5 e6 10. d6 Nb4 11. e5 Nfd5 12. Ne4 Nc6 13. Bg5 Qb6 14. Nf6+ Bxf6 15. Bxf6 Nxf6 16. exf6 Qd8 17. g4 Qxf6 18. d7 Qxb2 19. Rb1 Qf6 20. dxc8=Q Raxc8 21. Rxb7 Qf4 22. g5 Nd4 23. Rd7 Nxf3+ 24. Qxf3 Qxg5 25. Qb7 Rcd8 26. Qxa7 c3 27. h4 Qxh4 28. Rxd8 Rxd8 29. Qxc5 Qa4 30. Qxc3 Qxa2 31. Qf6 Qd2 32. Qf3 Qd4 33. Qe4 Qxe4 34. Bxe4 Rd4 35. Bg2 Kg7 36. Ra1 h5 37. Ra3 g5 38. Kh2 Kg6 39. Kg1 f5 40. Ra6 Kf6 41. Ra8 g4 42. Rh8 Kg5 43. Rg8+ Kf4 44. Rh8 Kg5 45. Rg8+ Kh4 46. Re8 Rd6 47. Re7 f4 48. Rf7 f3 49. Bf1 e5 50. Re7 Rd5 51. Re8 Kg5 52. Rg8+ Kf4 53. Rh8 e4 54. Rf8+ Ke5 55. Rh8 Kd4 56. Kh2 e3 57. fxe3+ Kxe3 58. Kg3 Rd1 59. Re8+ Kd2 60. Rd8+ Ke1 61. Rxd1+ Kxd1 62. Kf2 Kd2 63. Bb5 h4 64. Bc6 Kd3 65. Bd7 g3+ 66. Kxf3 Kd2 67. Kg2 Ke1 68. Bc6 Ke2 69. Kh3 Kf2 70. Kxh4 g2 71. Bxg2 1/2-1/2


[Site "https://www.chess.com"]

[Event "Titled Tuesday Blitz August 17 2021"]
[White "Ibarra Jerez, Jose Carlos"]
[Black "Gedajlovic, Max"]
[WhiteFideId "2226332"]
[BlackFideId "2616840"]
[WhiteElo "2602"]
[BlackElo "2137"]
[Result "1-0"]
[Round "04"]
[TimeControl "180+1"]
[Date "2021.08.17"]
[WhiteClock "0:00:20"]
[BlackClock "0:00:11"]

1. e4 e6 2. d4 d5 3. Nd2 c5 4. exd5 Qxd5 5. Ngf3 cxd4 6. Bc4 Qd8 7. O-O Nc6 8. Nb3 a6 9. Nbxd4 Nxd4 10. Nxd4 Qc7 11. Qe2 Bd6 12. h3 Ne7 13. a4 O-O 14. b3 e5 15. Nf3 Ng6 16. Bb2 Bf5 17. Rfe1 Rae8 18. Ng5 Nf4 19. Qd2 Kh8 20. Nxf7+ Rxf7 21. Bxf7 Rd8 22. Rad1 Qxf7 23. Bxe5 Nxh3+ 24. gxh3 Qg6+ 25. Bg3 h5 26. h4 Bxc2 27. Rc1 Bd3 28. Re3 Bf4 29. Rxd3 Rf8 30. Re3 Qg4 31. Rce1 Rf6 32. Qe2 Bxe3 33. Qxe3 Rf3 34. Qe8+ Kh7 35. Qe4+ Qxe4 36. Rxe4 Rxb3 37. Re7 b5 38. axb5 axb5 39. Be5 Kg6 40. Rxg7+ Kf5 41. Rg5+ Ke4 42. Kg2 b4 43. Bh8 Rb1 44. Rxh5 Kf4 45. Rb5 Kg4 46. h5 b3 47. h6 1-0


[Site "https://www.chess.com"]

[Event "Titled Tuesday Blitz August 17 2021"]
[White "Idani, Pouya"]
[Black "Dudzinski, Pawel"]
[WhiteFideId "12510130"]
[BlackFideId "1117890"]
[WhiteElo "2610"]
[BlackElo "2193"]
[Result "1-0"]
[Round "04"]
[TimeControl "180+1"]
[Date "2021.08.18"]
[WhiteClock "0:00:11"]
[BlackClock "0:00:15"]

1. e4 c6 2. d4 d5 3. e5 c5 4. dxc5 Nc6 5. Nf3 Bg4 6. Bb5 e6 7. Be3 Ne7 8. c3 Nf5 9. Bd4 Be7 10. h3 Bxf3 11. Qxf3 O-O 12. Bxc6 bxc6 13. O-O Rb8 14. b3 f6 15. exf6 Nxd4 16. cxd4 Bxf6 17. Qd3 e5 18. dxe5 Bxe5 19. Nc3 Qf6 20. Rac1 Bd4 21. Rc2 Bxc5 22. Nxd5 Qd6 23. Ne7+ Qxe7 24. Qc4+ Rf7 25. Qxc5 Qxc5 26. Rxc5 Rb6 27. Rfc1 Rf6 28. Rd1 Ra6 29. Rc2 h6 30. Rd7 Rf7 31. Rd6 Rf6 32. Rxf6 gxf6 33. g4 Kf7 34. Kg2 Ke6 35. Kg3 f5 36. Re2+ Kf6 37. Rd2 fxg4 38. hxg4 c5 39. f4 Rc6 40. Kh4 c4 41. bxc4 Rxc4 42. f5 Rc1 43. Rd6+ Ke5 44. Rxh6 Kf4 45. Kh5 Rg1 46. Kg6 Rxg4+ 47. Kf6 Ke4 48. Rh1 a5 49. Rb1 Kd3 50. Rb2 Kc3 51. Rf2 a4 52. Ke6 Re4+ 53. Kd5 Re2 54. Rxe2 1-0


[Site "https://www.chess.com"]

[Event "Titled Tuesday Blitz August 17 2021"]
[White "Ivanisevic, Ivan"]
[Black "Esipenko, Andrey"]
[WhiteFideId "912417"]
[BlackFideId "24175439"]
[WhiteElo "2499"]
[BlackElo "2595"]
[Result "0-1"]
[Round "04"]
[TimeControl "180+1"]
[Date "2021.08.17"]
[WhiteClock "0:00:03"]
[BlackClock "0:00:22"]

1. d4 Nf6 2. c4 e6 3. Nc3 Bb4 4. e3 O-O 5. Bd3 c5 6. Ne2 d5 7. cxd5 cxd4 8. exd4 Nxd5 9. Bc2 Nd7 10. Qd3 N7f6 11. O-O h6 12. Nxd5 exd5 13. Bf4 Re8 14. Ng3 Bd6 15. Qd2 Bxf4 16. Qxf4 Be6 17. Rfe1 Qb8 18. Qd2 Qd6 19. h3 Rac8 20. Re2 Bd7 21. Rae1 Rxe2 22. Rxe2 Re8 23. Rxe8+ Nxe8 24. Qa5 a6 25. Qd8 Qc7 26. Qxc7 Nxc7 27. Bd3 Kf8 28. Ne2 Ke7 29. f3 g5 30. Kf2 h5 31. h4 gxh4 32. Nf4 Kf6 33. Nxh5+ Kg5 34. Ng7 f5 35. Ke3 Kg6 36. Kf4 Kxg7 37. Ke5 Ne8 38. Kxd5 Kf6 39. Kc5 Ke7 40. d5 f4 0-1


[Site "https://www.chess.com"]

[Event "Titled Tuesday Blitz August 17 2021"]
[White "Ivic, Velimir"]
[Black "Oganisian, Roman"]
[WhiteFideId "950122"]
[BlackFideId "4153006"]
[WhiteElo "2509"]
[BlackElo "2204"]
[Result "1-0"]
[Round "04"]
[TimeControl "180+1"]
[Date "2021.08.17"]
[WhiteClock "0:00:12"]
[BlackClock "0:00:03"]

1. e4 e6 2. d4 d5 3. Nc3 Nf6 4. e5 Nfd7 5. Qh5 c5 6. Nf3 g6 7. Qg4 Nc6 8. dxc5 Ndxe5 9. Nxe5 Nxe5 10. Qg3 Bg7 11. Bf4 f6 12. O-O-O Qa5 13. Bxe5 fxe5 14. Bb5+ Bd7 15. Bxd7+ Kxd7 16. Nxd5 exd5 17. Rxd5+ Kc6 18. Rd6+ Kc7 19. Qb3 Raf8 20. Rhd1 Bh6+ 21. Kb1 Kb8 22. Rd7 b6 23. Qd5 Qa6 24. Qd6+ Ka8 25. Qd5+ Kb8 26. Qxe5+ Ka8 27. Qe4+ Kb8 28. c6 Rc8 29. c7+ Rxc7 30. Rxc7 Kxc7 31. Qe5+ Kc8 32. Qxh8+ 1-0


[Site "https://www.chess.com"]